 Dungeon Crawl Stone Soup version 0.28.0-45-g0d030f2227 (webtiles) character file.

Game seed: 18022347964723671669

4283 Ablot the Slicer (level 10, -7/82 HPs)
             Began as a Gnoll Chaos Knight on Apr 17, 2022.
             Was a Plaything of Xom.
             Mangled by Grum
             ... wielding a +1 spear
              (13 damage)
             ... on level 8 of the Dungeon.
             The game lasted 00:17:43 (9103 turns).

Ablot the Slicer (Gnoll Chaos Knight)               Turns: 9103, Time: 00:17:44

Health: -7/82      AC: 12    Str: 15    XL:     10   Next: 32%
Magic:  17/17      EV: 13    Int: 14    God:    Xom [....*.]
Gold:   462        SH:  5    Dex: 14    Spells: 19/19 levels left

rFire   + . .      SeeInvis .   a - +0 short sword (chaos)
rCold   + . .      Faith    +   k - +0 buckler
rNeg    . . .      Spirit   .   Q - +1 leather armour {rF+}
rPois   +          Reflect  .   (helmet restricted)
rElec   .          Harm     .   J - +1 cloak
rCorr   .          Rampage  .   (no gloves)
Will    .....                   q - +0 pair of boots
Stlth   +++.......              M - amulet of faith
HPRegen 0.23/turn               m - +6 ring of dexterity
MPRegen 0.15/turn               K - ring of protection from cold

@: cleaving
A: fangs 1, strong nose, distributed training, horns 1, iridescent scales 2,
clumsy 2, sense surroundings 1, poison resistance, strong 1
a: Renounce Religion


You were on level 8 of the Dungeon.
You worshipped Xom.
You were a beloved toy of Xom.
You visited 1 branch of the dungeon, and saw 8 of its levels.
You also visited: Ossuary.

You collected 462 gold pieces.

Inventory:

Hand Weapons
 a - a +0 short sword of chaos (weapon)
 o - a +1 dagger of venom
 G - the +6 dagger of Sloth {speed, Int+3}
   (You found it on level 5 of the Dungeon)

   Attacks with this weapon are significantly faster.
   Int:       It affects your intelligence (+3).
 I - a +3 quarterstaff of chaos
 T - a +4 dagger
Missiles
 c - 178 bolts
 e - 198 stones
 h - 86 arrows
 n - a javelin
 v - 2 boomerangs of dispersal
 y - a boomerang (quivered)
 z - 97 sling bullets
 L - 6 poisoned darts
 R - a throwing net
Armour
 g - the +8 chain mail of Gozag's Reproof {rC- rN+ Regen+}
   (You found it on level 8 of the Dungeon)

   rC:        It makes you vulnerable to cold.
   rN:        It protects you from negative energy.
   Regen:     It increases your rate of health regeneration.
 k - a +0 buckler (worn)
 q - a +0 pair of boots (worn)
 J - a +1 cloak (worn)
 Q - a +1 leather armour of fire resistance (worn)
Magical Staves
 N - a staff of air
Jewellery
 b - a ring of fire
 m - a +6 ring of dexterity (left hand)
 u - a ring of flight
 K - a ring of protection from cold (right hand)
 M - an amulet of faith (around neck)
Wands
 s - a wand of iceblast (6)
 P - a wand of charming (5)
 S - a wand of acid (3)
Scrolls
 d - 5 scrolls of fog {unknown}
 j - 4 scrolls of fear {unknown}
 p - a scroll of brand weapon {unknown}
 r - 2 scrolls of enchant armour {unknown}
 A - 7 scrolls of teleportation {unknown}
 B - 3 scrolls of vulnerability {unknown}
 H - 2 scrolls of immolation {unknown}
Potions
 f - 3 potions of curing
 i - 2 potions of mutation
 l - a potion of invisibility
 t - a potion of brilliance {unknown}
 w - 2 potions of magic
 x - 3 potions of haste
 C - a potion of ambrosia {unknown}
 D - a potion of attraction {unknown}
 E - a potion of flight {unknown}
 O - a potion of might
 U - a potion of lignification {unknown}


   Skills:
 + Level 8.4 Fighting
 + Level 8.4 Short Blades
 + Level 5.1 Long Blades
 + Level 5.1 Axes
 + Level 5.1 Maces & Flails
 + Level 5.1 Polearms
 + Level 5.1 Staves
 + Level 5.1 Slings
 + Level 5.1 Bows
 + Level 5.1 Crossbows
 + Level 5.1 Throwing
 + Level 7.0 Armour
 + Level 5.8 Dodging
 + Level 5.1 Stealth
 + Level 5.1 Shields
 + Level 5.1 Unarmed Combat
 + Level 5.1 Spellcasting
 + Level 4.2 Conjurations
 + Level 4.2 Hexes
 + Level 4.2 Summonings
 + Level 4.2 Necromancy
 + Level 4.2 Translocations
 + Level 4.2 Transmutations
 + Level 4.2 Fire Magic
 + Level 4.2 Ice Magic
 + Level 4.2 Air Magic
 + Level 4.2 Earth Magic
 + Level 4.2 Poison Magic
 + Level 5.6 Invocations
 + Level 5.1 Evocations


You had 19 spell levels left.
You didn't know any spells.
Your spell library was empty.

Dungeon Overview and Level Annotations

Branches:
Dungeon (8/15)             Temple (0/1) D:5         Ossuary (visited)
   Lair: D:8-11

Altars:
Nemelex Xobeh
Ru
Uskayaw
Xom
Yredelemnul
The Shining One

Shops:
D:7 [

Annotations:
D:8 Grum
Abyss:1 Dowan


Innate Abilities, Weirdness & Mutations

You have very sharp teeth.
Your uncanny sense of smell can sniff out nearby items.
Your experience applies equally to all skills.
You have a pair of small horns on your head.
You are mostly covered in iridescent scales. (AC +4)
You are very clumsy. (Dex -4)
You passively map a small area around you.
Your system is resistant to poisons. (rPois)
Your muscles are strong. (Str +2)


Message History

The orc warrior is moderately wounded.
You hit the orc warrior.
The orc warrior looks as sick as possible!
You headbutt the orc warrior, but do no damage.
Your bite misses the orc warrior.
The orc warrior is heavily wounded.
You block the orc warrior's attack.
You hit the orc warrior.
You feel better.
The orc warrior is heavily wounded.
Grum hits you from afar with a +1 spear.
The orc warrior barely misses you.
You barely miss the orc warrior. You headbutt the orc warrior.
The orc warrior is severely wounded.
Grum hits you but does no damage.
You barely miss the orc warrior.
The orc warrior is almost dead.
The orc warrior closely misses you.
You hit the orc warrior but do no damage.
The orc warrior flickers and vanishes!
Your headbutt misses something.
Grum hits you from afar with a +1 spear!
Something hits you!
You closely miss something. You bite something.
Grum hits you from afar with a +1 spear!
You hit something but do no damage. Something hits you!
Grum closely misses you.
You barely miss something.
The wolf stops to sniff the ground.
Something hits you but does no damage.
You barely miss something. Your headbutt misses something.
Grum hits you from afar with a +1 spear!
* * * LOW HITPOINT WARNING * * *
Something hits you!
* * * LOW HITPOINT WARNING * * *
You hit something but do no damage.
Reactivating autopickup.
You feel a bit more experienced. Grum barely misses you.
Unknown command.
Grum hits you with a +1 spear!
You die...
Xom is highly amused!

* , .....# ###+ ,,
,....# #... , ...# #...
*, , , ,..# #... *< *#.#
###... *
*#.#########.######.....
, ,,
........)))......'.....
*
*#.#########.)...##.....
, ,#hhg@†[....##.##.....
* #D#####bbb.##.##.....
* .h.,,,...............)
, * #o#.
###.#####........ ,...#h
#.., ...######. , ..# #.
#.. ..... .... ... ..
#...... ##### ,.. , ..
#..... * ,. , * **, .


You could see Grum, a steam dragon and 2 wolves.

Vanquished Creatures
  Harold (D:7)
  A wraith (D:8)
  A steam dragon (D:7)
  Menkaure (Ossuary)
  Duvessa (D:7)
  2 water moccasins (D:7)
  An orc warrior (D:8)
  2 black bears
  A sky beast (D:6)
  A centaur (D:7)
  A wolf (D:8)
  2 kobold brigands
  An elf zombie (Ossuary)
  A gnoll sergeant (D:5)
  2 bullfrogs (D:7)
  A wyvern zombie (D:8)
  A water moccasin skeleton (D:3)
  3 killer bees (D:6)
  12 wights
  A howler monkey (D:5)
  2 centaur zombies (Ossuary)
  A human zombie (D:5)
  A jelly (D:3)
  4 orc priests
  2 bullfrog zombies
  A centaur skeleton (D:5)
  2 gnoll shamans
  Crazy Yiuf (D:5)
  A bullfrog skeleton (D:7)
  4 iguanas
  Jessica (D:3)
  4 orc wizards
  3 ogre zombies (Ossuary)
  A hound skeleton (D:4)
  4 mummies (Ossuary)
  A howler monkey zombie (D:7)
  11 gnolls
  8 adders
  2 shadow imps
  A white imp (D:6)
  4 ufetubi
  6 adder zombies (Ossuary)
  A worm (D:3)
  3 dart slugs
  18 orcs
  6 ball pythons
  5 endoplasms
  7 giant cockroaches
  5 hobgoblins
  4 jackals
  4 quokkas
  3 bats
  A frilled lizard (D:1)
  3 gnoll zombies (Ossuary)
  7 goblins
  A goblin zombie (Ossuary)
  3 hobgoblin zombies
  12 kobolds
  4 kobold zombies (Ossuary)
  4 quokka zombies (Ossuary)
  5 rats
  3 rat zombies (Ossuary)
201 creatures vanquished.

Vanquished Creatures (others)
  A phantom (D:4)
1 creature vanquished.

Grand Total: 202 creatures vanquished

Notes
Turn   | Place    | Note
-------+----------+-------------------------------------------
     0 | D:1      | Ablot the Gnoll Chaos Knight began the quest for the Orb.
     0 | D:1      | Reached XP level 1. HP: 23/23 MP: 1/1
   253 | D:1      | Reached XP level 2. HP: 29/29 MP: 2/2
   321 | D:1      | Found a faded altar of an unknown god.
   433 | D:1      | XOM is BORED!
   433 | D:1      | XOM: silly message
   444 | D:1      | Reached XP level 3. HP: 35/35 MP: 3/3
   794 | D:2      | XOM: potion effect (invisibility)
   804 | D:2      | Reached skill level 1 in Invocations
   834 | D:2      | XOM: silly message
   877 | D:2      | XOM: give mutation
   877 | D:2      | Gained mutation: You are partially covered in iridescent
                  | scales. (AC +2) [Xom's grace]
   956 | D:2      | XOM: give mutation
   956 | D:2      | Gained mutation: You have a pair of small horns on your
                  | head. [Xom's grace]
  1104 | D:2      | Reached skill level 1 in Long Blades
  1104 | D:2      | Reached skill level 1 in Axes
  1104 | D:2      | Reached skill level 1 in Maces & Flails
  1104 | D:2      | Reached skill level 1 in Polearms
  1104 | D:2      | Reached skill level 1 in Staves
  1104 | D:2      | Reached skill level 1 in Slings
  1104 | D:2      | Reached skill level 1 in Bows
  1104 | D:2      | Reached skill level 1 in Crossbows
  1104 | D:2      | Reached skill level 1 in Throwing
  1104 | D:2      | Reached skill level 1 in Stealth
  1104 | D:2      | Reached skill level 1 in Shields
  1104 | D:2      | Reached skill level 1 in Unarmed Combat
  1104 | D:2      | Reached skill level 1 in Spellcasting
  1104 | D:2      | Reached skill level 1 in Evocations
  1288 | D:2      | Reached XP level 4. HP: 41/41 MP: 5/5
  1377 | D:2      | XOM: give mutations
  1377 | D:2      | Gained mutation: You are somewhat resistant to further
                  | mutation. [Xom's grace]
  1377 | D:2      | Gained mutation: You have a pair of horns on your head.
                  | [Xom's grace]
  1377 | D:2      | Gained mutation: Your system is resistant to poisons.
                  | (rPois) [Xom's grace]
  1377 | D:2      | Gained mutation: You passively map a small area around you.
                  | [Xom's grace]
  1379 | D:2      | XOM: scenery: 1 doors open
  1420 | D:2      | XOM: fog
  1558 | D:3      | Noticed Jessica
  1564 | D:3      | Killed Jessica
  1565 | D:3      | Reached skill level 1 in Conjurations
  1565 | D:3      | Reached skill level 1 in Hexes
  1565 | D:3      | Reached skill level 1 in Summonings
  1565 | D:3      | Reached skill level 1 in Necromancy
  1565 | D:3      | Reached skill level 1 in Translocations
  1565 | D:3      | Reached skill level 1 in Transmutations
  1565 | D:3      | Reached skill level 1 in Fire Magic
  1565 | D:3      | Reached skill level 1 in Ice Magic
  1565 | D:3      | Reached skill level 1 in Air Magic
  1565 | D:3      | Reached skill level 1 in Earth Magic
  1565 | D:3      | Reached skill level 1 in Poison Magic
  1691 | D:3      | XOM: snakes to sticks
  1699 | D:3      | Reached XP level 5. HP: 47/47 MP: 5/7
  1756 | D:3      | XOM: smoke on damage
  1965 | D:3      | Reached XP level 6. HP: 53/53 MP: 8/8
  2077 | D:3      | XOM: give mutations
  2077 | D:3      | Gained mutation: You have a pair of large horns on your
                  | head. [Xom's grace]
  2077 | D:3      | Gained mutation: You are robust. (+10% HP) [Xom's grace]
  2188 | D:3      | XOM: scenery: create altars
  2275 | D:3      | XOM: polymorph dart slug -> gnoll
  2279 | D:3      | Reached skill level 5 in Armour
  2347 | D:3      | XOM: polymorph orc -> rat
  2525 | D:3      | XOM: give mutations
  2525 | D:3      | Lost mutation: You have a pair of large horns on your head.
                  | [Xom's mischief]
  2525 | D:3      | Lost mutation: You have a pair of horns on your head.
                  | [Xom's mischief]
  2525 | D:3      | Lost mutation: You are somewhat resistant to further
                  | mutation. [Xom's mischief]
  2525 | D:3      | Gained mutation: You have hidden genetic potential. [Xom's
                  | mischief]
  2661 | D:4      | XOM: give mutations
  2661 | D:4      | Gained mutation: You are clumsy. (Dex -2) [Xom's mischief]
  2661 | D:4      | Lost mutation: You are clumsy. (Dex -2) [Xom's mischief]
  2661 | D:4      | Gained mutation: You are mostly covered in iridescent
                  | scales. (AC +4) [Xom's mischief]
  2993 | D:4      | Reached XP level 7. HP: 19/64 MP: 10/10
  3148 | D:3      | XOM: give mutations
  3148 | D:3      | Lost mutation: You are robust. (+10% HP) [Xom's mischief]
  3148 | D:3      | Gained mutation: You are clumsy. (Dex -2) [Xom's mischief]
  3249 | D:3      | XOM: divination: detect creatures
  3411 | D:4      | XOM: cloud trail
  3499 | D:4      | XOM: smoke on damage
  3619 | D:4      | XOM: silly message
  3674 | D:4      | XOM: potion effect (curing)
  3685 | D:4      | Gained mutation: You have a pair of horns on your head.
                  | [hidden potential]
  3970 | D:5      | Entered Level 5 of the Dungeon
  3982 | D:5      | Found a staircase to the Ecumenical Temple.
  4263 | D:5      | Found a sand-covered staircase.
  4269 | D:5      | XOM: potion effect (berserk rage)
  4306 | Ossuary  | Entered an ossuary
  4317 | Ossuary  | XOM: noise
  4707 | Ossuary  | Reached XP level 8. HP: 67/67 MP: 12/12
  4710 | Ossuary  | Noticed Menkaure
  4714 | Ossuary  | XOM: noise
  4715 | Ossuary  | XOM: confuse monster(s)
  4737 | Ossuary  | Killed Menkaure
  4750 | Ossuary  | Gained mutation: Your muscles are strong. (Str +2) [hidden
                  | potential]
  4750 | Ossuary  | Lost mutation: You have hidden genetic potential. [hidden
                  | potential expressed]
  5102 | D:5      | Identified the +6 dagger of Sloth {speed, Int+3}
  5116 | D:5      | XOM: divination: magic mapping
  5255 | D:5      | Found a glowing golden altar of the Shining One.
  5261 | D:5      | Found a hide-covered altar of Uskayaw.
  5268 | D:5      | Found a basalt altar of Yredelemnul.
  5268 | D:5      | Found a sacrificial altar of Ru.
  5275 | D:5      | Found a sparkling altar of Nemelex Xobeh.
  5369 | D:5      | Found a runed translucent door.
  5370 | D:5      | Noticed Crazy Yiuf
  5437 | D:5      | Killed Crazy Yiuf
  5480 | D:5      | XOM: cloud trail
  5729 | D:5      | XOM: silly message
  5860 | D:5      | XOM: silly message
  6037 | D:6      | XOM: divination: magic mapping
  6316 | D:6      | XOM: confuse monster(s)
  6321 | D:6      | Reached XP level 9. HP: 65/72 MP: 14/14
  6512 | D:6      | XOM: 2-stop teleportation journey
  6538 | D:6      | XOM: 1-stop teleportation journey
  6622 | D:6      | XOM: 4-stop teleportation journey
  6900 | D:7      | Noticed Duvessa
  6903 | D:7      | Noticed Dowan
  6907 | D:7      | XOM: destruction
  6908 | D:7      | Killed Duvessa
  6919 | D:7      | Banished Dowan
  7015 | D:7      | Found Yxenycegg's Antique Armour Shoppe.
  7096 | D:7      | Reached skill level 5 in Dodging
  7097 | D:7      | XOM: cast spell 'Olgreb's Toxic Radiance'
  7117 | D:7      | Noticed Harold
  7125 | D:7      | XOM: enchant monster (good)
  7135 | D:7      | Killed Harold
  7136 | D:7      | Reached skill level 5 in Invocations
  7288 | D:7      | XOM: scenery: create altars
  7363 | D:7      | XOM: potion effect (curing)
  7380 | D:7      | XOM: summons 9 friendly demons
  7391 | D:7      | XOM: cast spell 'Summon Small Mammal'
  7394 | D:7      | XOM: confusion (+ monsters)
  7421 | D:7      | Reached XP level 10. HP: 31/77 MP: 17/17
  8062 | D:7      | Reached skill level 5 in Long Blades
  8062 | D:7      | Reached skill level 5 in Axes
  8062 | D:7      | Reached skill level 5 in Maces & Flails
  8062 | D:7      | Reached skill level 5 in Polearms
  8062 | D:7      | Reached skill level 5 in Staves
  8062 | D:7      | Reached skill level 5 in Slings
  8062 | D:7      | Reached skill level 5 in Bows
  8062 | D:7      | Reached skill level 5 in Crossbows
  8062 | D:7      | Reached skill level 5 in Throwing
  8062 | D:7      | Reached skill level 5 in Stealth
  8062 | D:7      | Reached skill level 5 in Shields
  8062 | D:7      | Reached skill level 5 in Unarmed Combat
  8062 | D:7      | Reached skill level 5 in Spellcasting
  8062 | D:7      | Reached skill level 5 in Evocations
  8219 | D:8      | HP: 1/81 [something (6)]
  8581 | D:8      | Identified the +8 chain mail of Gozag's Reproof {rC- rN+
                  | Regen+}
  8617 | D:8      | XOM: torment (32/81 hp)
  8625 | D:8      | XOM: confuse monster(s)
  8907 | D:8      | XOM: give mutations
  8907 | D:8      | Gained mutation: You are very clumsy. (Dex -4) [Xom's
                  | mischief]
  8907 | D:8      | Lost mutation: You have a pair of horns on your head.
                  | [Xom's mischief]
  9070 | D:8      | Noticed Grum
  9078 | D:8      | Identified the +4 whip of Vodka {spect, *Noise +Blink Will+
                  | Dex+2}
  9083 | D:8      | XOM: god gift: plate armour {god gift}
  9084 | D:8      | XOM: cleaving
  9091 | D:8      | XOM: scenery: summon butterflies
  9103 | D:8      | Mangled by Grum

Illustrated notes

Levels and vault maps discovered:
D:1:      roderic_dead_forest, layout_loops_cross, basic_ecumenical_altar,
          minmay_worlds_worst_comb
D:2:      layout_loops_corners, bh_walls_and_bars
D:3:      layout_loops_ring, serial_park_tiny_pond, uniq_jessica
D:4:      layout_gridville, corner_web_ring
D:5:      layout_basic, nicolae_overflow_hallway_of_the_gods, temple_pool_b,
          enter_ossuary_3, amcnicky_mini_rare_corridor_liquid,
          uniq_crazy_yiuf_cottage
D:6:      layout_basic
D:7:      layout_basic, serial_shops, nicolae_shop_hallway_plus, uniq_duvessa,
          uniq_harold
D:8:      layout_basic, mainiacjoe_overflow_small_starburst, lair_entry_dummy,
          kennysheep_path_1, uniq_grum

Skill      XL: |  1  2  3  4  5  6  7  8  9 10 |
---------------+-------------------------------+-----
Invocations    | 1 2 3 4 5 |  5.6
Long Blades    | 1 2 3 4 5 |  5.1
Axes           | 1 2 3 4 5 |  5.1
Maces & Flails | 1 2 3 4 5 |  5.1
Polearms       | 1 2 3 4 5 |  5.1
Staves         | 1 2 3 4 5 |  5.1
Slings         | 1 2 3 4 5 |  5.1
Bows           | 1 2 3 4 5 |  5.1
Crossbows      | 1 2 3 4 5 |  5.1
Throwing       | 1 2 3 4 5 |  5.1
Stealth        | 1 2 3 4 5 |  5.1
Shields        | 1 2 3 4 5 |  5.1
Unarmed Combat | 1 2 3 4 5 |  5.1
Spellcasting   | 1 2 3 4 5 |  5.1
Evocations     | 1 2 3 4 5 |  5.1
Conjurations   | 1 2 3 4 |  4.2
Hexes          | 1 2 3 4 |  4.2
Summonings     | 1 2 3 4 |  4.2
Necromancy     | 1 2 3 4 |  4.2
Translocations | 1 2 3 4 |  4.2
Transmutations | 1 2 3 4 |  4.2
Fire Magic     | 1 2 3 4 |  4.2
Ice Magic      | 1 2 3 4 |  4.2
Air Magic      | 1 2 3 4 |  4.2
Earth Magic    | 1 2 3 4 |  4.2
Poison Magic   | 1 2 3 4 |  4.2
Dodging        | 3 4 5 |  5.8
Armour         | 5 6 7 |  7.0
Fighting       | 7 8 |  8.4
Short Blades   | 7 8 |  8.4

Action                   |  1- 3 |  4- 6 |  7- 9 | 10-12 || total
-------------------------+-------+-------+-------+-------++-------
Melee: Short sword       |   108 |   151 |   427 |   159 ||   845
       Bite              |    14 |    24 |    59 |    23 ||   120
       Punch             |     1 |     3 |    15 |     2 ||    21
       Headbutt          |     4 |    38 |   105 |    30 ||   177
       Dagger            |       |       |    10 |       ||    10
Throw: Boomerang         |       |       |     7 |       ||     7
       Dart              |       |       |     5 |       ||     5
  Use: Potion            |       |       |     1 |     2 ||     3
       Scroll            |       |       |       |     6 ||     6
 Stab: Sleeping          |     3 |     5 |     5 |     4 ||    17
       Petrifying        |     1 |       |     2 |       ||     3
       Invisible         |     2 |       |       |       ||     2
       Paralysed         |       |       |     3 |       ||     3
       Petrified         |       |       |     5 |       ||     5
       Distracted        |       |       |     1 |       ||     1
       Confused          |       |       |     2 |     2 ||     4
Armor: Leather armour    |    38 |    50 |   185 |    44 ||   317
       Skin              |       |       |     5 |       ||     5
Dodge: Dodged            |    51 |    76 |   229 |    76 ||   432
Block: Buckler           |       |       |       |     7 ||     7
